FIQ, neutral male scurrid Tourist --- jr| ..| FIQ the Rambler Experience level: 1 Strength: 11 Dexterity: 12 Constitution: 14 Intelligence: 13 Wisdom: 9 Charisma: 16 Health: 0(9) Energy: 2(2) Def: 0 Gold: 969 Moves: 52 Dungeon seed: TbdWt4s5d6ioksvf Game ID: FIQ_1498603443 Your Inventory: Coins $ - 969 gold pieces Weapons a - 54 uncursed +2 darts (in quiver) Armor e - an uncursed +0 Hawaiian shirt (being worn) Comestibles b - 2 uncursed chestnuts c - an uncursed fortune cookie d - an uncursed tin of jackal meat f - 3 uncursed food rations g - 3 uncursed tripe rations h - an uncursed pear i - an uncursed cream pie Scrolls k - 3 uncursed scrolls of magic mapping l - a blessed scroll of magic mapping Potions j - 2 uncursed potions of extra healing Wands o - an uncursed wand of secret door detection (0:13) Tools m - an uncursed expensive camera (0:82) n - an uncursed credit card p - an uncursed towel Spells and supernatural/magical abilities: Name Level Category Fail Memory W - pray for help -- divine ? -- Your skills at the end: Miscellaneous Skills wands [Basic] Weapon Skills dart [Basic] Spellcasting Skills Final Attributes: You were devoutly aligned. You had infravision. You were very stealthy. You are dead. Voluntary challenges: You went without food. You did not adorn yourself with jewelry or accessories. You did not cause conflict. You were not invisible. You did not have reflection. You were not displaced. You were an atheist. You never hit with a wielded weapon. You were a pacifist. You did not use tools. You did not use plumbed fixtures. You did not drink any magical draughts. You were illiterate. You never genocided any monsters. You never polymorphed an object. You never changed form. You used no wishes. You never split a pudding. You never wrote Elbereth's name. You never violated your personal moral code. Dungeon overview: The Dungeons of Doom: levels 1 to 20 Level 1 a fountain a long staircase Level 2 Level 3 Level 4 Level 5 a fountain Level 6 Level 7 Level 8 Level 9 a long staircase Level 10 Level 11 Level 12 a fountain Level 13 Level 14 a fountain Level 15 Level 16 Level 17 Level 18 Level 19 Level 20 <- You were here History has recorded: On T:1 you entered the Dungeons of Doom to retrieve the Amulet of Yendor! On T:4 you reached level 2 of The Dungeons of Doom. On T:6 you reached level 3 of The Dungeons of Doom. On T:8 you reached level 4 of The Dungeons of Doom. On T:10 you reached level 5 of The Dungeons of Doom. On T:13 you reached level 6 of The Dungeons of Doom. On T:15 you reached level 7 of The Dungeons of Doom. On T:17 you reached level 8 of The Dungeons of Doom. On T:19 you reached level 9 of The Dungeons of Doom. On T:22 you reached level 10 of The Dungeons of Doom. On T:25 you reached level 11 of The Dungeons of Doom. On T:28 you reached level 12 of The Dungeons of Doom. On T:30 you reached level 13 of The Dungeons of Doom. On T:32 you reached level 14 of The Dungeons of Doom. On T:34 you reached level 15 of The Dungeons of Doom. On T:34 you entered the Rogue tribute level. On T:37 you reached level 16 of The Dungeons of Doom. On T:39 you reached level 17 of The Dungeons of Doom. On T:41 you reached level 18 of The Dungeons of Doom. On T:43 you reached level 19 of The Dungeons of Doom. On T:46 you reached level 20 of The Dungeons of Doom. Score breakdown: Gold: 0 ( 0 points) Experience: 1 level ( 0 points) Exploration: 20 levels ( 570 points) Discoveries: 0 items ( 0 points) Variety of kills: 0 monsters ( 0 points) Major goal: (nothing yet) ( 0 points) Survival: died (score multiplied by 3) Total score: 1710 Latest messages: That command is only available in debug mode. You start chewing a hole in the rock. You continue digging. You make an opening in the wall. You hear a slurping sound. You have no weapon equipped. You start digging downward. The stairs are too hard to dig in. You start digging downward. The stairs are too hard to dig in. You start digging downward. The stairs are too hard to dig in. The gelatinous cube touches you! You start digging downward. The stairs are too hard to dig in. You start digging downward. The stairs are too hard to dig in. You start digging downward. The stairs are too hard to dig in. The gelatinous cube touches you! You start digging downward. The stairs are too hard to dig in. You start digging downward. The stairs are too hard to dig in. The gelatinous cube touches you! You die... Final status: Aloha FIQ the Tourist, killed by a gelatinous cube... You died in The Dungeons of Doom on dungeon level 20 with 1710 points, and 969 pieces of gold, after 52 moves. You were level 1 with a maximum of 9 hit points when you died.